 Dungeon Crawl Stone Soup version 0.29.1 (webtiles) character file.

Game seed: 18197361300050048721

29 masschaos23 the Sneak (level 3, -3/24 HPs)
             Began as an Octopode Brigand on Sept 13, 2022.
             Slain by a black bear (12 damage)
             ... on level 2 of the Dungeon.
             The game lasted 00:03:07 (1380 turns).

masschaos23 the Sneak (Octopode Brigand)            Turns: 1380, Time: 00:03:08

Health: -3/24      AC:  1    Str: 10    XL:     3   Next: 16%
Magic:  1/1        EV: 13    Int: 13    God:
Gold:   33         SH:  0    Dex: 15    Spells: 2/2 levels left

rFire   . . .      SeeInvis .   q - +2 dagger (antimagic)
rCold   . . .      Faith    .   (no shield)
rNeg    . . .      Spirit   .   (helmet restricted)
rPois   .          Reflect  .   (no amulet)
rElec   .          Harm     .   (no ring)
rCorr   .          Rampage  .   (no ring)
Will    .....                   (no ring)
Stlth   ++++......              (no ring)
HPRegen 0.08/turn               (no ring)
MPRegen 0.07/turn               (no ring)
                                (no ring)
                                (no ring)

@: no status effects
A: almost no armour, amphibious, 8 rings, camouflage 1, gelatinous body 1,
(nimble swimmer 1), tentacles
a: no special abilities


You were on level 2 of the Dungeon.
You visited 1 branch of the dungeon, and saw 2 of its levels.

You collected 33 gold pieces.

Inventory:

Hand Weapons
 a - a +2 dagger
 q - a +2 antimagic dagger (weapon)
Missiles
 b - 9 poisoned darts
 c - 2 curare-tipped darts (quivered)
Magical Staves
 k - a staff of fire
Scrolls
 e - a scroll of poison {unknown}
 f - 2 scrolls of vulnerability {unknown}
 i - a scroll of summoning {unknown}
 n - a scroll of fear {unknown}
 o - 2 scrolls of amnesia {unknown}
Potions
 d - a potion of curing {unknown}
 g - a potion of cancellation {unknown}
 h - a potion of heal wounds {unknown}
 j - a potion of haste {unknown}
 l - a potion of attraction {unknown}
 m - a potion of magic {unknown}
 p - a potion of flight {unknown}


   Skills:
 + Level 2.2 Fighting
 + Level 2.1 Short Blades
 + Level 2.3 Throwing
 + Level 1.1 Dodging
 + Level 6.3 Stealth


You had 2 spell levels left.
You didn't know any spells.
Your spell library was empty.

Dungeon Overview and Level Annotations

Branches:
Dungeon (2/15)

Altars:


Innate Abilities, Weirdness & Mutations

You cannot wear most types of armour.
You are amphibious.
You can wear up to eight rings at the same time.
Your skin changes colour to match your surroundings (Stealth+).
Your rubbery body absorbs attacks. (AC +1, EV +1)
((You are camouflaged when in or above water. (Stealth+)))
You have tentacles for arms and can constrict up to eight enemies at once.


Message History

q - a +2 antimagic dagger (weapon)
Found a leather armour.
o - 2 scrolls labelled PUEHUK RAUPS (gained 1)
There are no items here.
No target in view!
You now have 33 gold pieces (gained 5).
You see here a frilled lizard skeleton.
Found a stone staircase leading down.
There is a stone staircase leading down here.
A black bear comes into view.
Throw: 3 darts (curare)
Press: ? - help, Q - select action, (/) - cycle Shift-Dir - straight line, f - black bear
Aim: a black bear (asleep, 98% to hit)
You throw a curare-tipped dart.
The curare-tipped dart hits the black bear.
The black bear is poisoned.
The black bear convulses.
The black bear seems to slow down.
The black bear growls angrily.
The black bear is moderately wounded.
Throw: 2 darts (curare)
Press: ? - help, Q - select action, (/) - cycle Shift-Dir - straight line, f/p - black bear
Aim: a black bear (moderately wounded, very poisoned, slow, 68% to hit)
Okay, then.
You see here a frilled lizard skeleton.
The black bear is no longer moving slowly.
You see here a frilled lizard skeleton.
The black bear goes berserk!
The black bear bites you! The black bear misses you. x2
You hit the black bear. Your grab misses the black bear.
Your squeeze misses the black bear.
The black bear is almost dead.
The black bear closely misses you. The black bear claws you.
The black bear closely misses you. The black bear bites you.
The black bear barely misses you. The black bear claws you.
You barely miss the black bear. Your grab misses the black bear.
Your squeeze misses the black bear.
The black bear is almost dead.
The black bear bites you!
Ouch! That really hurt!
You die...

.................#.#.#####.#
<........####....#.#.#
........(#.......#.#.#
.........#.....#.....#
.........#.....#.#...#
...#####.#.....#.#.###
...#####.#.......#..#
................h#..#
.#######.#####..@#..# .........#
#...#..# .######..# #.#.#..# #..#
###.#รท#..# .######..#
#...#.#..#############
.........###.#.#.#..#............
.........##..#.#.#####.##########
.........#..##.#................#
...........###.......#.########.#


You could see a black bear (berserk).

Vanquished Creatures
  6 ball pythons
  A bat (D:1)
  5 endoplasms (D:1)
  A giant cockroach (D:2)
  4 goblins
  A hobgoblin (D:1)
  2 jackals (D:1)
  3 frilled lizards
  A rat (D:2)
24 creatures vanquished.

Vanquished Creatures (others)
  A plant (D:2)
1 creature vanquished.

Grand Total: 25 creatures vanquished

Notes
Turn   | Place    | Note
-------+----------+-------------------------------------------
     0 | D:1      | masschaos23 the Octopode Brigand began the quest for the
                  | Orb.
     0 | D:1      | Reached XP level 1. HP: 14/14 MP: 1/1
   290 | D:1      | Reached XP level 2. HP: 17/19 MP: 2/2
   501 | D:1      | Reached skill level 6 in Stealth
   875 | D:1      | Reached XP level 3. HP: 23/24 MP: 3/3
  1358 | D:2      | Noticed a black bear
  1380 | D:2      | Slain by a black bear

Illustrated notes

Levels and vault maps discovered:
D:1:      tarquinn_simple_flora_water_a, layout_basic
D:2:      layout_basic, dilly_ecumenical_altar_fadedgnrine

Skill      XL: |  1  2 |
---------------+-------+-----
Stealth        | 6 |  6.3
Fighting       | |  2.2
Short Blades   | |  2.1
Throwing       | |  2.3
Dodging        | |  1.1

Action                   || total
-------------------------++-------
Melee: Dagger            ||    45
       Tentacles         ||     6
       Constrict         ||     9
Throw: Dart              ||     1
 Stab: Sleeping          ||     8
Dodge: Dodged            ||    27
